Map: 시뮬레이크럼 - 래더

Players

Armani - Winner!

  • Race: Zerg Zerg
  • Spawn Location: 5:00

soO

  • Race: Zerg Zerg
  • Spawn Location: 11:00

Event: IEM Katowice 2020

VOD

Have the link to the VOD?

Description

Time

  • Played on: Feb. 27, 2020, 9:11 a.m.
  • Length: 8:31

All games in this series

Show
View Real Time Build Order
Export as new Build Order

Armani Zerg - Winner!

Build Orders: Hatch First 

Get SALT Encoding   

  12  0:00  Drone  
  13  0:12  Overlord  
  13  0:17  Drone  
  14  0:30  Drone  
  14  0:31  Drone  
  16  0:48  Hatchery  
  15  0:51  Drone  
  15  0:55  Drone  
  17  0:58  Drone  
  18  1:09  Extractor  
  17  1:12  Spawning Pool  
  17  1:16  Drone  
  17  1:20  Drone  
  18  1:29  Drone  
  19  1:38  Drone  
  20  1:51  Overlord  
  20  1:59  Queen x2  
  20  2:01  Drone x2  
  26  2:08  Metabolic Boost  
  26  2:12  Drone x2  
  28  2:29  Hatchery  
  27  2:32  Drone  
  27  2:34  Drone  
  27  2:36  Drone  
  30  2:43  Queen  
  32  2:54  Overlord, Baneling Nest  
  32  2:56  Drone  
  32  2:59  Drone  
  32  3:01  Drone  
  32  3:04  Drone x2  
  36  3:13  Zergling x6  
  36  3:14  Zergling x2  
  36  3:19  Drone x2  
  42  3:26  Evolution Chamber  
  41  3:27  Overlord  
  41  3:29  Drone  
  41  3:31  Drone  
  43  3:35  Drone  
  44  3:43  Drone x4  
  48  3:48  Drone x2  
  48  3:53  Baneling  
  49  3:55  Zergling x2  
  49  3:56  Zergling x8  
  49  4:00  Extractor  
  53  4:03  Zerg Missile Weapons Level 1  
  53  4:05  Roach Warren  
  53  4:07  Drone x2  
  53  4:09  Drone  
  55  4:10  Drone  
  55  4:11  Drone  
  57  4:17  Lair  
  57  4:19  Overlord  
  57  4:22  Overlord  
  56  4:35  Zergling x2  
  56  4:36  Zergling x2  
  57  4:39  Drone  
  57  4:40  Drone  
  54  4:46  Drone x2  
  54  4:47  Drone  
  54  4:50  Extractor  
  54  4:51  Roach x7  
  70  4:59  Baneling x2  
  69  5:00  Zergling x8  
  69  5:05  Overlord  
  73  5:08  Queen, Overlord  
  73  5:12  Ravager  
  74  5:26  Spine Crawler, Roach  
  74  5:27  Spine Crawler  
  73  5:29  Spine Crawler  
  73  5:30  Roach  
  73  5:34  Roach x5  
  84  5:36  Zergling x2  
  84  5:40  Baneling x2  
  85  5:44  Zergling x10  
  89  5:51  Glial Reconstitution, Overlord  
  81  5:59  Roach x2  
  81  6:01  Zergling x6  
  84  6:12  Drone x2  
  84  6:13  Drone x6  
  84  6:16  Ravager  
  84  6:17  Ravager, Drone  
  91  6:18  Drone x2  
  91  6:21  Extractor  
  87  6:28  Drone x4  
  87  6:29  Drone  
  87  6:31  Drone  
  86  6:34  Drone  
  86  6:36  Spire  
  83  6:48  Drone x4  
  83  6:49  Drone x2  
  83  6:50  Drone  
  83  6:51  Extractor, Drone x2  
  83  6:53  Extractor  
  90  6:57  Overlord  
  90  6:58  Overseer  
  90  7:04  Drone  
  90  7:06  Overseer  
  90  7:07  Overlord  
  91  7:10  Overlord  
  91  7:12  Overlord  
  91  7:16  Hatchery  
  91  7:22  Overlord  
  90  7:25  Roach x5  
  101  7:31  Spine Crawler  
  101  7:32  Roach x5  
  101  7:36  Spine Crawler  
  101  7:37  Spine Crawler  
  108  7:49  Mutalisk x4  
  108  7:51  Roach x2, Drone  
  121  7:54  Zergling x6  
  116  8:04  Roach x3  
  116  8:09  Roach  
  116  8:10  Roach x2  
Show
View Real Time Build Order
Export as new Build Order

soO Zerg 

Build Orders: Hatch First 

Get SALT Encoding   

  12  0:00  Drone  
  13  0:12  Overlord  
  13  0:17  Drone  
  14  0:30  Drone x2  
  16  0:48  Hatchery  
  15  0:51  Drone  
  15  0:55  Drone  
  17  0:58  Drone  
  18  1:10  Extractor  
  17  1:13  Spawning Pool  
  17  1:16  Drone  
  17  1:19  Drone  
  18  1:28  Drone  
  19  1:38  Drone  
  20  1:49  Overlord  
  20  2:00  Queen x2  
  20  2:01  Drone  
  25  2:04  Drone  
  26  2:10  Drone  
  26  2:11  Drone  
  26  2:13  Metabolic Boost  
  28  2:22  Drone x2  
  30  2:33  Hatchery  
  30  2:36  Drone  
  30  2:38  Drone  
  31  2:44  Queen  
  31  2:48  Drone  
  34  2:52  Baneling Nest  
  34  2:56  Overlord  
  33  3:01  Drone  
  33  3:04  Drone  
  35  3:08  Drone, Overlord  
  36  3:14  Zergling x2  
  36  3:15  Zergling x4  
  36  3:16  Zergling x2  
  36  3:19  Drone  
  41  3:21  Drone  
  41  3:24  Zergling x2  
  41  3:26  Drone  
  44  3:31  Drone  
  45  3:34  Evolution Chamber  
  45  3:36  Drone  
  45  3:41  Drone  
  46  3:42  Zergling x2  
  46  3:44  Drone  
  46  3:47  Drone, Roach Warren  
  48  3:51  Drone  
  48  3:55  Extractor, Baneling  
  48  3:56  Extractor, Baneling  
  48  3:59  Drone  
  48  4:00  Drone x2  
  48  4:01  Overlord  
  50  4:08  Zergling x2  
  50  4:09  Zergling x4  
  53  4:12  Overlord  
  53  4:17  Overlord  
  53  4:22  Baneling x2  
  53  4:23  Zergling x6  
  56  4:33  Zergling x4  
  54  4:45  Roach  
  54  4:46  Roach x6  
  54  4:50  Baneling  
  66  4:54  Roach x4  
  66  4:58  Roach  
  75  5:00  Roach  
  75  5:05  Roach  
  75  5:06  Roach  
  81  5:10  Roach  
  81  5:21  Overlord  
  78  5:34  Baneling x9  
  78  5:36  Zergling x2  
  78  5:37  Zergling x4  
  78  5:39  Overlord  
  81  5:47  Zergling x18  
  81  5:49  Ravager  
  84  5:57  Roach  
  84  5:58  Roach x2  
  84  6:01  Roach  
  84  6:02  Zergling x2  
  82  6:10  Zergling x2, Roach  
  82  6:11  Roach  
  81  6:12  Roach  
  81  6:17  Roach  
  76  6:19  Roach  
  76  6:21  Roach  
  76  6:24  Roach  
  74  6:26  Roach  
  73  6:36  Zergling x2, Roach x2  
  77  6:42  Roach  
  77  6:43  Zergling x2, Roach  
  72  6:55  Roach x4  
  72  6:59  Ravager x3  
  83  7:07  Ravager  
  84  7:09  Zergling x6  
  84  7:10  Zergling x6  
  90  7:24  Zergling x16  
  90  7:29  Overlord  
  98  7:38  Overlord  
  98  7:50  Roach x5  
  105  7:54  Roach  
  104  7:58  Roach x2  
  104  7:59  Roach  
  104  8:00  Zergling x2  
  104  8:03  Zergling x2  
  104  8:05  Zergling x2  
  103  8:07  Zergling x2  
  103  8:09  Zergling x2  
  103  8:11  Zergling x2  
  103  8:12  Ravager  

Tags
 
Add a new tag
Caveats
  • Supply blocks, unpowered buildings, or Contaminate may cause inaccurate times.
  • Supply counts are checked every 10 seconds.